 Dungeon Crawl Stone Soup version 0.30-a0-782-ge64f9170bb (webtiles) character file.

Game seed: 8333513847890197449

89282 Aneyh the Slayer (level 15, -23/106 HPs)
             Began as a Tengu Monk on Feb 18, 2023.
             Was a High Priest of Hepliaklqana.
             Annihilated by a white very ugly thing (37 damage)
             ... on level 15 of the Dungeon.
             The game lasted 01:22:32 (22131 turns).

Aneyh the Slayer (Tengu Monk)                      Turns: 22131, Time: 01:22:33

Health: -23/106    AC: 12    Str: 27    XL:     15   Next: 96%
Magic:  0/16       EV: 18    Int: 17    God:    Hepliaklqana [*****.]
Gold:   1577       SH:  0    Dex: 26    Spells: 10/14 levels left

rFire   . . .      SeeInvis .    a - +9 trident "Bucivuezuito" {flame, rN+ Will- Str+4 Int+2}
rCold   . . .      Faith    .    (no shield)
rNeg    + . .      Spirit   +    H - +2 ring mail "Fashreulu" {Regen+ Int+3 Dex+3}
rPois   .          Reflect  .    (helmet restricted)
rElec   .          Harm     .    G - +2 cloak
rCorr   .          Rampage  .    X - +0 pair of gloves
Will    .....      Clarity  +    (boots unavailable)
Stlth   ++                       y - amulet of guardian spirit
HPRegen 1.17/turn                C - +6 ring of dexterity
MPRegen 0.15/turn                K - +6 ring of strength

@: flying quickly and evasively, quick
A: reduced essence, beak, talons 3, nimble flight, clarity, MP-powered wands
a: Renounce Religion, Recall Ancestor, Ancestor Identity, Transference, Idealise


You were on level 15 of the Dungeon.
You worshipped Hepliaklqana.
Hepliaklqana was extremely pleased with you.
You visited 4 branches of the dungeon, and saw 22 of its levels.
You also visited: Ossuary.

You collected 2590 gold pieces.
You spent 1013 gold pieces at shops.

Inventory:

Hand Weapons
 a - the +9 trident "Bucivuezuito" (weapon) {flame, rN+ Will- Str+4 Int+2}
   (You found it on level 9 of the Dungeon)

   Str:       It affects your strength (+4).
   Int:       It affects your intelligence (+2).
   rN:        It protects you from negative energy.
   Will:      It decreases your willpower.
 b - a +4 arbalest of flaming
 f - a +1 heavy great sword
 w - a +4 scimitar of flaming
 Q - the +6 spear of Powerful Duty {freeze, rF+}
   (You found it on level 2 of the Dungeon)

   rF:        It protects you from fire.
 W - the +2 flail "Puojymi" {speed, rElec rC- rN+ Stlth+}
   (You found it on level 2 of the Lair of Beasts)

   rC:        It makes you vulnerable to cold.
   rElec:     It insulates you from electricity.
   rN:        It protects you from negative energy.
   Stlth:     It makes you more stealthy.
Missiles
 r - 4 throwing nets
Armour
 A - +0 fire dragon scales
 G - a +2 cloak (worn)
 H - the +2 ring mail "Fashreulu" (worn) {Regen+ Int+3 Dex+3}
   (You found it on level 8 of the Dungeon)

   Int:       It affects your intelligence (+3).
   Dex:       It affects your dexterity (+3).
   Regen:     It increases your rate of health regeneration.
 N - +0 ice dragon scales
 X - a +0 pair of gloves (worn)
Jewellery
 s - the ring of the Glamorous Lemon {rF+ rC+}
   (You found it on level 4 of the Lair of Beasts)

   [ring of protection from fire]

   rF:        It protects you from fire.
   rC:        It protects you from cold.
 t - a +6 ring of strength
 v - a ring of protection from cold
 y - an amulet of guardian spirit (around neck)
 C - a +6 ring of dexterity (left hand)
 D - a ring of see invisible
 K - a +6 ring of strength (right hand)
Wands
 e - a wand of polymorph (13)
 i - a wand of iceblast (15)
 F - a wand of flame (22)
 J - a wand of charming (21)
 O - a wand of digging (11)
 R - a wand of mindburst (7)
 S - a wand of quicksilver (6)
Scrolls
 k - 4 scrolls of fog
 l - 2 scrolls of poison
 m - 3 scrolls of magic mapping
 o - a scroll of noise {unknown}
 p - a scroll of enchant weapon
 q - a scroll of silence
 u - 7 scrolls of enchant armour
 B - 2 scrolls of fear
 E - 6 scrolls of teleportation
 I - a scroll of amnesia
 T - a scroll of torment {unknown}
 U - 3 scrolls of blinking
 Z - 2 scrolls of summoning
Potions
 c - 6 potions of ambrosia
 d - 3 potions of magic
 g - 7 potions of curing
 h - a potion of might
 j - 2 potions of mutation
 n - 6 potions of lignification
 x - 6 potions of haste
 z - 2 potions of resistance {unknown}
 L - 3 potions of heal wounds
 P - 3 potions of invisibility
 V - 2 potions of flight {unknown}
 Y - a potion of berserk rage {unknown}
Miscellaneous
 M - a phantom mirror


   Skills:
 + Level 22.8 Fighting
 - Level 14.0 Polearms
 + Level 5.1 Armour
 - Level 5.0 Dodging
 - Level 2.0 Stealth
 - Level 9.0 Summonings


You had 10 spell levels left.
You knew the following spells:

 Your Spells              Type           Power      Damage    Failure   Level
a - Summon Ice Beast      Ice/Summ       15%        N/A       45%         4

Your spell library contained the following spells:

 Spells                   Type           Power      Damage    Failure   Level
 Kiss of Death            Conj/Necr      0%         2d5       32%         1
 Ensorcelled Hibernation  Hex/Ice        0%         N/A       45%         2
 Passwall                 Tmut/Erth      0%         N/A       45%         2
 Confusing Touch          Hex            0%         N/A       69%         3
 Swiftness                Air            0%         N/A       69%         3
 Tukima's Dance           Hex            0%         N/A       69%         3
 Summon Mana Viper        Hex/Summ       15%        N/A       82%         5
 Dispel Undead            Necr           0%         3d6       97%         4
 Passage of Golubria      Tloc           0%         N/A       97%         4
 Yara's Violent Unravell  Hex/Tmut       0%         3d3       100%        5
 Monstrous Menagerie      Summ           15%        N/A       100%        7


Dungeon Overview and Level Annotations

Branches:
Dungeon (15/15)            Temple (1/1) D:7            Lair (5/5) D:9
  Swamp (0/4) Lair:3       Spider (0/4) Lair:2          Orc (0/2) D:9
 Depths (1/4) D:15        Ossuary (visited)
  Slime: Lair:4-5    Vaults: D:13-14

Altars:
Ashenzari
Cheibriados
Dithmenos
Elyvilon
Fedhas
Gozag
Hepliaklqana
Kikubaaqudgha
Makhleb
Nemelex Xobeh
Okawaru
Qazlal
Ru
Sif Muna
Trog
Vehumet
Wu Jian
Xom
Yredelemnul
Zin
The Shining One

Shops:
D:1 (   Depths:1 [!(?

Annotations:
D:3 3 runed translucent doors, Newt's ghost, amateur KoHu; Pokonic1's ghost, weakling DsFi; Rudyous's ghost, amateur BaFi
D:4 2 transporters, Beavis's ghost, amateur DsHu
D:13 Nessos
Lair:1 2 transporters, Rijiq's ghost, journeyman GrEE


Innate Abilities, Weirdness & Mutations

Your life essence is reduced to manifest your ancestor. (-10% HP)
You have a beak for a mouth.
You have claws for feet.
Your magical nature lets you fly swiftly and evasively.
You possess an exceptional clarity of mind.
You expend magic power (3 MP) to strengthen your wands.


Message History

The white very ugly thing gurgles horribly!
The white very ugly thing bites Necuametl!
The white very ugly thing freezes Necuametl!!
Necuametl resists.
A white ugly thing comes into view.
Necuametl closely misses the white very ugly thing.
You reach to attack!
You hit the white very ugly thing but do no damage.
The white very ugly thing bites Necuametl!
The white very ugly thing freezes Necuametl!!
Necuametl resists.
Necuametl is destroyed!
You reach to attack!
The white ugly thing gurgles horribly!
You puncture the white very ugly thing! You burn the white very ugly thing.
The white very ugly thing is lightly wounded.
Your ice beast hits the white very ugly thing but does no damage.
You reach to attack!
You barely miss the white very ugly thing.
The white very ugly thing is lightly wounded.
The white ugly thing basks in the mutagenic energy from its kin and changes!
Your ice beast hits the white very ugly thing.
Your ice beast freezes the white very ugly thing.
The white very ugly thing resists.
Your ice beast barely misses the white very ugly thing.
There is a staircase back to the Dungeon, spattered with blood here.
The white very ugly thing bites you. The white very ugly thing freezes you!!
You fly upwards.
Welcome back to the Dungeon!
There is a staircase to the Depths, spattered with blood here.
The white very ugly thing attacks as you move away!
The white very ugly thing bites you but does no damage.
The white very ugly thing bites you!
The white very ugly thing freezes you!!!
* * * LOW HITPOINT WARNING * * *
Your magical contamination has completely faded away.
The white very ugly thing attacks as you move away!
The white very ugly thing bites you!!
* * * LOW HITPOINT WARNING * * *
The white very ugly thing freezes you!!!
You die...

#..############..#.# #.#.#.#
#[......# #...##R# #.#.#.#
#.......# ##.####.# #.#.#[#
.R......# ##..####.#####.#<#R#
........# #..##>##.......###.#
........###.##.[.##..........#
..#.......#.#.[#..#.##########
..#.......#.#..#u.#.....#
..#.......#.#..#@.#####.#
..#.......#.#..#..#.###.#
..#....(..#.#..#..#.....#
###..(......##...##.#####
###....[...####.###.#
.##........# #.##..#######
....##.....# #.รท[......(.#
...###.....# #..8..#####.#
...# #.....#####....# #R#


You could see a white very ugly thing.

Vanquished Creatures
  Jorgrun (D:14)
  A sphinx (D:12)
  A dire elephant (Lair:4)
  2 fire dragons
  A great orb of eyes (D:15)
  A deep elf high priest (D:12)
  2 ice dragons
  A hydra (D:12)
  Erica (D:8)
  2 centaur warriors (D:13)
  6 boulder beetles
  4 two-headed ogres
  9 death yaks
  2 deep troll shamans
  Urug (D:13)
  A deep troll earth mage (D:12)
  A salamander mystic (Depths:1)
  2 iron trolls
  3 deep trolls
  A wizard (D:15)
  3 orc knights (D:12)
  A deep elf pyromancer (D:12)
  An oklob plant (Lair:5)
  3 cyclopes
  2 ugly things (D:15)
  A salamander (Depths:1)
  5 manticores
  4 black mambas
  Joseph (D:8)
  Maurice (D:8)
  3 molten gargoyles (D:15)
  2 elephants (Lair:5)
  Maggie (D:7)
  7 cane toads
  2 unseen horrors
  4 komodo dragons
  A rime drake (Lair:5)
  4 kobold demonologists
  An efreet (D:12)
  3 tengu conjurers
  3 trolls
  A meliai (Lair:2)
  2 polar bears
  A hornet (D:10)
  2 nameless horrors (D:12)
  29 blink frogs
  2 dream sheep
  11 slime creatures
  4 wraiths
  2 wyverns
  14 humans (D:13)
  29 yaks
  A vampire (D:12)
  4 basilisks
  A fire bat (Depths:1)
  A redback (shapeshifter) (D:15)
  9 vampire mosquitoes
  10 water moccasins
  4 acid dragons
  A sky beast (D:7)
  2 black bears
  8 orc warriors
  An ice beast (D:5)
  2 ogres
  10 wolves
  12 centaurs
  6 kobold brigands
  3 elf zombies (Ossuary)
  8 bullfrogs
  2 scorpions
  3 wights (D:9)
  A hornet simulacrum (D:14)
  30 killer bees
  4 electric eels (Lair:1)
  A howler monkey (D:10)
  A jelly (D:8)
  3 centaur zombies (Ossuary)
  4 hounds
  A human zombie (Ossuary)
  3 orc priests
  2 gnoll boudas (D:6)
  5 iguanas
  Terence (D:3)
  11 orc wizards
  3 mummies (Ossuary)
  2 hound zombies (Ossuary)
  3 gnolls
  2 adders (D:2)
  A shadow imp (D:5)
  2 white imps
  An ufetubus (D:5)
  3 adder zombies (Ossuary)
  A worm (D:2)
  6 dart slugs
  36 orcs
  7 ball pythons
  3 bats
  10 endoplasms
  5 giant cockroaches
  9 goblins
  9 hobgoblins
  2 jackals (D:5)
  5 quokkas
  2 frilled lizards (D:1)
  A gnoll zombie (Ossuary)
  3 goblin zombies (Ossuary)
  6 hobgoblin zombies (Ossuary)
  3 jackal zombies (Ossuary)
  18 kobolds
  4 kobold zombies (Ossuary)
  2 orc zombies (Ossuary)
  A quokka zombie (Ossuary)
  3 rats
  3 rat zombies (Ossuary)
504 creatures vanquished.

Vanquished Creatures (collateral kills)
  A fire dragon (D:15)
  An entropy weaver (shapeshifter) (D:12)
  Harold (D:11)
  An ice dragon (Depths:1)
  A radroach (shapeshifter) (D:13)
  2 boulder beetles
  A death yak (Lair:5)
  A tengu warrior (D:14)
  A deep troll earth mage (D:15)
  Amaemon (Lair:2)
  A deep troll (Depths:1)
  A wizard (D:12)
  An orc knight (D:13)
  2 ugly things (D:15)
  3 cyclopes
  2 manticores (D:12)
  3 elephants (Lair:5)
  A salamander (Depths:1)
  A molten gargoyle (D:15)
  An orange demon (Lair:2)
  2 cane toads
  A kobold demonologist (D:12)
  2 rime drakes
  4 komodo dragons
  A troll (D:12)
  A queen bee (D:11)
  5 blink frogs
  5 slime creatures
  12 yaks
  A yak (shapeshifter) (D:15)
  A basilisk (D:12)
  2 humans (D:13)
  7 vampire mosquitoes
  An acid dragon (D:12)
  3 water moccasins
  4 wolves
  A centaur (D:11)
  A kobold brigand (D:12)
  6 killer bees (D:11)
  A howler monkey (D:10)
  2 orc wizards (D:10)
  An orc (D:12)
  4 kobolds (D:10)
95 creatures vanquished.

Vanquished Creatures (others)
  A centaur (D:7)
  29 battlemagi
  19 fungi
  31 plants
  5 withered plants
85 creatures vanquished.

Grand Total: 684 creatures vanquished

Notes
Turn   | Place    | Note
-------+----------+-------------------------------------------
     0 | D:1      | Aneyh the Tengu Monk began the quest for the Orb.
     0 | D:1      | Reached XP level 1. HP: 14/14 MP: 2/2
    37 | D:1      | Found Fokomyil's Weapon Boutique.
   193 | D:1      | Reached XP level 2. HP: 19/19 MP: 3/3
   318 | D:1      | Reached XP level 3. HP: 21/23 MP: 4/4
   857 | D:2      | Identified the +6 spear of Powerful Duty {freeze, rF+}
   866 | D:2      | Reached XP level 4. HP: 29/29 MP: 5/5
  1454 | D:2      | Reached skill level 5 in Polearms
  2100 | D:3      | Noticed Terence
  2131 | D:3      | Found a runed translucent gate.
  2131 | D:3      | Found a runed translucent gate.
  2131 | D:3      | Found a runed translucent gate.
  2132 | D:3      | Noticed Pokonic1's ghost (weakling DsFi)
  2133 | D:3      | Noticed Newt's ghost (amateur KoHu)
  2133 | D:3      | Noticed Rudyous's ghost (amateur BaFi)
  2164 | D:3      | Gained mutation: Your magical nature lets you fly swiftly
                  | and evasively. [Tengu growth]
  2164 | D:3      | Reached XP level 5. HP: 29/33 MP: 6/6
  2222 | D:3      | Killed Terence
  2223 | D:3      | Reached skill level 4 in Fighting
  3077 | D:4      | Noticed an ogre
  3080 | D:4      | Reached XP level 6. HP: 38/38 MP: 7/7
  3382 | D:4      | Found a transporter.
  3387 | D:4      | Noticed Beavis's ghost (amateur DsHu)
  3515 | D:4      | Reached XP level 7. HP: 40/44 MP: 8/8
  3552 | D:4      | Identified a scroll of acquirement
  3553 | D:4      | Acquired 851 gold pieces
  3568 | D:4      | Found a transporter.
  3971 | D:5      | Entered Level 5 of the Dungeon
  5082 | D:6      | Reached XP level 8. HP: 23/48 MP: 9/9
  5428 | D:6      | Reached skill level 10 in Polearms
  5558 | D:6      | Reached skill level 5 in Fighting
  5719 | D:7      | Found a staircase to the Ecumenical Temple.
  5724 | Temple   | Entered the Ecumenical Temple
  5849 | D:7      | Found a sand-covered staircase.
  5856 | Ossuary  | Entered an ossuary
  6243 | Ossuary  | Reached XP level 9. HP: 49/54 MP: 8/10
  6508 | D:7      | Reached skill level 6 in Fighting
  6629 | D:7      | Noticed a gargoyle
  6879 | D:7      | Found a shimmering altar of Xom.
  6883 | D:7      | Reached skill level 7 in Fighting
  7017 | D:7      | Noticed Maggie
  7031 | D:7      | Killed Maggie
  7201 | D:8      | Noticed Maurice
  7211 | D:8      | Killed Maurice
  7212 | D:8      | Reached skill level 8 in Fighting
  7460 | D:8      | Identified the +2 ring mail "Fashreulu" {Regen+ Int+3
                  | Dex+3}
  7721 | D:8      | Reached skill level 9 in Fighting
  7934 | D:8      | Reached XP level 10. HP: 66/66 MP: 11/11
  7934 | D:8      | Noticed Joseph
  7953 | D:8      | Killed Joseph
  8469 | D:8      | Noticed Erica
  8477 | D:8      | Killed Erica
  8478 | D:8      | Reached skill level 10 in Fighting
  8773 | D:9      | Noticed a kobold demonologist
  8866 | D:9      | Found a staircase to the Lair.
  8900 | D:9      | Reached skill level 11 in Fighting
  8918 | D:9      | Noticed a kobold demonologist
  8921 | D:9      | Noticed a soul eater
  8921 | D:9      | Noticed a kobold demonologist
  8929 | D:9      | Killed a kobold demonologist
  8938 | D:9      | Noticed a sixfirhy
  8938 | D:9      | Killed a kobold demonologist
  8942 | D:9      | Noticed an orange demon
  8979 | D:9      | Killed a kobold demonologist
  8993 | D:9      | Reached skill level 12 in Fighting
  9102 | D:9      | Identified the +9 trident "Bucivuezuito" {flame, rN+ Will-
                  | Str+4 Int+2}
  9265 | D:9      | Noticed a two-headed ogre
  9272 | D:9      | Killed a two-headed ogre
  9273 | D:9      | Reached skill level 5 in Dodging
  9273 | D:9      | Reached XP level 11. HP: 76/76 MP: 12/12
  9303 | D:9      | Found a staircase to the Orcish Mines.
  9326 | D:9      | Found a hazy altar of Hepliaklqana.
  9331 | D:9      | Became a worshipper of Hepliaklqana the Forgotten
  9331 | D:9      | Reached * piety under Hepliaklqana
  9331 | D:9      | Reached ** piety under Hepliaklqana
  9332 | D:9      | Remembered your ancestor Necuametl as a battlemage
  9410 | Lair:1   | Entered Level 1 of the Lair of Beasts
  9683 | Lair:1   | Reached skill level 13 in Fighting
  9955 | Lair:1   | Found a transporter.
  9955 | Lair:1   | Noticed a boulder beetle
  9958 | Lair:1   | Found a transporter.
  9958 | Lair:1   | Noticed Rijiq's ghost (journeyman GrEE)
  9958 | Lair:1   | Noticed a skyshark
 10675 | Lair:2   | Reached skill level 14 in Fighting
 10701 | Lair:2   | You are sucked into a shaft and drop 2 floors!
 10921 | Lair:4   | Identified the ring of the Glamorous Lemon {rF+ rC+}
 11020 | Lair:5   | Entered Level 5 of the Lair of Beasts
 11020 | Lair:5   | Noticed a death yak
 11053 | Lair:5   | Reached XP level 12. HP: 38/77 MP: 2/13
 11096 | Lair:5   | Reached skill level 15 in Fighting
 11257 | Lair:5   | Reached skill level 16 in Fighting
 11415 | Lair:3   | Found a staircase to the Swamp.
 11428 | Lair:3   | Learned a level 4 spell: Summon Ice Beast
 11430 | Lair:3   | Reached *** piety under Hepliaklqana
 11452 | Lair:3   | Reached skill level 17 in Fighting
 11452 | Lair:3   | Reached XP level 13. HP: 86/86 MP: 14/14
 11453 | Lair:3   | Reached skill level 1 in Summonings
 11698 | Lair:2   | Found a broken altar of Ashenzari.
 11708 | Lair:2   | Identified the +2 flail "Puojymi" {speed, rElec rC- rN+
                  | Stlth+}
 11818 | Lair:2   | Found a hole to the Spider Nest.
 11961 | Lair:2   | Noticed Amaemon
 11967 | Lair:2   | Killed Amaemon
 12340 | Lair:2   | Reached skill level 18 in Fighting
 12849 | Lair:3   | Identified the +5 chain mail "Zaime" {Will+ Int+3 Dex+2}
 13013 | Lair:3   | Reached skill level 5 in Summonings
 13116 | Lair:3   | Reached **** piety under Hepliaklqana
 13628 | Lair:5   | Reached skill level 19 in Fighting
 13715 | Lair:5   | Noticed a dire elephant
 13715 | Lair:5   | Noticed a dire elephant
 13715 | Lair:5   | Noticed a dire elephant
 13715 | Lair:5   | Noticed a dire elephant
 13721 | Lair:5   | Noticed a dire elephant
 13782 | Lair:4   | Killed a dire elephant
 13783 | Lair:4   | Reached XP level 14. HP: 95/95 MP: 15/15
 14026 | D:10     | Entered Level 10 of the Dungeon
 14159 | D:10     | Identified the +3 scale mail of the Stone Wall {rN+}
 14251 | D:10     | Gained mutation: You are dopey. (Int -2) [potion of
                  | mutation]
 14251 | D:10     | Gained mutation: You expend magic power (3 MP) to
                  | strengthen your wands. [potion of mutation]
 14252 | D:10     | Lost mutation: You are dopey. (Int -2) [potion of mutation]
 14252 | D:10     | Lost mutation: You expend magic power (3 MP) to strengthen
                  | your wands. [potion of mutation]
 14252 | D:10     | Gained mutation: You are frail. (-10% HP) [potion of
                  | mutation]
 14253 | D:10     | Lost mutation: You are frail. (-10% HP) [potion of
                  | mutation]
 14253 | D:10     | Gained mutation: You expend magic power (3 MP) to
                  | strengthen your wands. [potion of mutation]
 14253 | D:10     | Gained mutation: You possess an exceptional clarity of
                  | mind. [potion of mutation]
 14720 | D:11     | Noticed Harold
 14722 | D:11     | Killed Harold
 15919 | D:12     | Reached skill level 20 in Fighting
 16746 | D:12     | Noticed a sphinx
 16757 | D:12     | Killed a sphinx
 17065 | D:12     | Reached ***** piety under Hepliaklqana
 17234 | D:13     | Noticed Nessos
 17272 | D:13     | Reached skill level 21 in Fighting
 17594 | D:13     | Reached XP level 15. HP: 103/103 MP: 14/16
 17724 | D:13     | Noticed Urug
 17732 | D:13     | Killed Urug
 17980 | D:13     | Reached skill level 1 in Armour
 18065 | D:14     | Noticed Jorgrun
 18089 | D:14     | Killed Jorgrun
 18844 | D:15     | Entered Level 15 of the Dungeon
 19385 | D:15     | Identified the +0 ring mail "Exket" {Fly rElec rF-}
 19403 | D:15     | Reached skill level 5 in Armour
 19452 | D:15     | Found a broken altar of Ashenzari.
 19576 | D:15     | Reached skill level 22 in Fighting
 19848 | D:15     | Found a staircase to the Depths.
 20184 | Depths:1 | Entered Level 1 of the Depths
 21748 | Depths:1 | Found Bebrev's Distillery.
 21756 | Depths:1 | Found Mituyd's Magic Scroll Shop.
 21756 | Depths:1 | Found Binit's Armour Boutique.
 21760 | Depths:1 | Found Ogao's Weapon Shop.
 21774 | Depths:1 | Bought a scroll of magic mapping for 120 gold pieces
 21774 | Depths:1 | Bought a scroll of silence for 152 gold pieces
 21774 | Depths:1 | Bought a scroll of summoning for 152 gold pieces
 21774 | Depths:1 | Bought a scroll of enchant weapon for 120 gold pieces
 21774 | Depths:1 | Bought a scroll of identify for 32 gold pieces
 21774 | Depths:1 | Bought a scroll of teleportation for 48 gold pieces
 21774 | Depths:1 | Bought a scroll of identify for 32 gold pieces
 21797 | Depths:1 | Bought a potion of curing for 51 gold pieces
 21797 | Depths:1 | Bought a potion of haste for 170 gold pieces
 21797 | Depths:1 | Bought a potion of heal wounds for 85 gold pieces
 21797 | Depths:1 | Bought a potion of curing for 51 gold pieces
 22131 | D:15     | Annihilated by a white very ugly thing

Illustrated notes

Levels and vault maps discovered:
D:1:      ncdulo_lavacross, layout_loops_ring, serial_shops,
          nicolae_shop_hallway_stairs, columned_hall_lemuel, minivault_26,
          minmay_misc_feat_hallway, corexii_leaking_fountain
D:2:      layout_loops_corners
D:3:      layout_basic, gammafunk_ghost_cemetery, serial_park_tiny_2,
          chequers_serial_rivers_large_b, uniq_terence
D:4:      layout_cave_pods, gammafunk_ghost_stat_death
D:5:      layout_basic, hangedman_minor_gate_pass
D:6:      layout_basic, nicolae_grassy_gnolls
D:7:      layout_rooms, mainiacjoe_overflow_surrounded_room, temple_doors_e,
          chequers_ossuary_entry_cave, serial_bayou_pond_d,
          lemuel_flamethrower_2, uniq_maggie
D:8:      layout_basic, uniq_joseph, uniq_erica, uniq_maurice
D:9:      layout_cave_pools, general_overflow_altar, lair_entry_dummy,
          orc_0_dummy
D:10:     layout_basic, minmay_door_square
D:11:     layout_loops_ring, special_room [special_room_bee], uniq_harold
D:12:     evilmike_diamond_1, layout_loops_ring
D:13:     layout_irregular_city, david_vaults_3, uniq_urug, uniq_nessos
D:14:     layout_roguey, kennysheep_decorative_pillar, uniq_agnes, uniq_jorgrun
D:15:     grunt_enter_depths_hoard, layout_basic, evilmike_ruin_ashenzari,
          minivault_8
Temple:   nicolae_temple_bog_church
Lair:1:   layout_loops_ring, serial_bayou, serial_bayou_ford_a,
          serial_bayou_crossing, serial_bayou_lagoon_a, serial_bayou_shore_b,
          serial_bayou_lake_a, serial_bayou_pond_d, gammafunk_ghost_arena
Lair:2:   layout_regular_city, hellmonk_spider_entry_not_the_bees, basic_altar,
          chequers_serial_rivers_room_b, infiniplex_staircase_pool, uniq_amaemon
Lair:3:   layout_gridlike, swamp_mist, beast_lair_carwin_5
Lair:4:   layout_roguey, minivault_27
Lair:5:   due_jungle_book, layout_cave_shapes, dpeg_slime_entry_enclosed
Depths:1: lemuel_minitomb, layout_basic, hell_entry, nrook_mini_vaults,
          kennysheep_boxes, grunt_megastairs_3, minmay_shoptagon

Skill      XL: |  1  2  3  4  5  6  7  8  9 10 11 12 13 14 15 |
---------------+----------------------------------------------+-----
Polearms       | 4 5 6 7 9 11 12 13 14 | 14.0
Fighting       | 4 5 9 12 14 17 19 21 22 | 22.8
Dodging        | 5 |  5.0
Summonings     | 6 8 9 |  9.0
Armour         | 5 |  5.1
Stealth        | |  2.0

Action                     |  1- 3 |  4- 6 |  7- 9 | 10-12 | 13-15 || total
---------------------------+-------+-------+-------+-------+-------++-------
  Melee: Spear             |    85 |    99 |   284 |    69 |       ||   537
         Kick              |    17 |    15 |    73 |    65 |   206 ||   376
         Peck              |     7 |     7 |    47 |    41 |   118 ||   220
         Whip              |     7 |       |       |       |       ||     7
         Punch             |     1 |       |     4 |     5 |     7 ||    17
         Trident           |       |       |       |   142 |   588 ||   730
   Fire: Shortbow          |       |       |    60 |       |       ||    60
         Arbalest          |       |       |       |   138 |   216 ||   354
  Throw: Dart              |       |     5 |    16 |       |       ||    21
   Cast: Summon Ice Beast  |       |       |       |       |    11 ||    11
 Invoke: Recall Ancestor   |       |       |       |     1 |     1 ||     2
         Ancestor Life: Ba |       |       |       |     1 |       ||     1
         Ancestor Identity |       |       |       |     1 |       ||     1
    Use: Scroll            |       |     2 |     6 |    14 |    16 ||    38
         Potion            |       |       |     3 |     1 |    11 ||    15
   Stab: Sleeping          |     9 |    10 |     8 |       |     6 ||    33
         Distracted        |       |     1 |       |     1 |    11 ||    13
         Confused          |       |       |       |     1 |       ||     1
 Armour: Robe              |     7 |     5 |     3 |       |       ||    15
         Leather armour    |       |       |    36 |       |       ||    36
         Ring mail         |       |       |     2 |    37 |   118 ||   157
         Steam dragon scal |       |       |     1 |       |       ||     1
  Dodge: Dodged            |    33 |    30 |   168 |   148 |   353 ||   732

Table legend: (Time is in decaauts)
 A = Elapsed time spent in this place.
 B = Non-inter-level travel time spent in this place.
 C = Inter-level travel time spent in this place.
 D = Time resting spent in this place.
 E = Time spent auto-exploring this place.
 F = Levels seen in this place.
 G = Mean time per level.
                   A        B        C        D        E       F      G
               +--------+--------+--------+--------+--------+-----+--------+
         Total |  20885 |  20127 |    758 |   5937 |   8951 |  23 |  908.0 |
       Dungeon |  14591 |  14066 |    525 |   3990 |   6630 |  15 |  972.7 |
        Temple |     85 |     85 |      0 |      0 |      0 |   1 |   85.0 |
          Lair |   4288 |   4056 |    232 |    675 |   2045 |   5 |  857.6 |
        Depths |   1507 |   1507 |      0 |   1223 |    101 |   1 | 1507.0 |
       Ossuary |    412 |    412 |      0 |     48 |    173 |   1 |  412.0 |
               +--------+--------+--------+--------+--------+-----+--------+

Top non-repeatable levels by time:
    D:15: 1722 daAuts
     D:8: 1531 daAuts
Depths:1: 1507 daAuts
    D:12: 1459 daAuts
  Lair:1: 1254 daAuts
     D:5: 1232 daAuts
     D:4: 1168 daAuts
     D:2: 1050 daAuts
  Lair:3: 936 daAuts
  Lair:2: 907 daAuts
    D:13: 907 daAuts
     D:3: 899 daAuts
    D:11: 846 daAuts
     D:1: 777 daAuts
     D:7: 725 daAuts
